 Dungeon Crawl Stone Soup version 0.29.1-1-gd02db6906a (webtiles) character file.

Game seed: 1886615384037422407

262 hawla the Conjurer (level 5, 0/39 HPs)
             Began as a Draconian Conjurer on Sept 29, 2022.
             Slain by Pikel
             ... wielding a +2 whip of flaming
              (1 damage)
             ... on level 4 of the Dungeon.
             The game lasted 00:11:08 (4660 turns).

hawla the Conjurer (Draconian Conjurer)             Turns: 4660, Time: 00:11:08

Health: 0/39       AC:  8    Str:  9    XL:     5   Next: 97%
Magic:  0/9        EV: 12    Int: 20    God:
Gold:   207        SH:  0    Dex: 10    Spells: 2/9 levels left

rFire   . . .      SeeInvis .   o - staff of earth
rCold   . . .      Faith    .   (no shield)
rNeg    . . .      Spirit   .   (body armour unavailable)
rPois   .          Reflect  .   (helmet restricted)
rElec   .          Harm     .   (no cloak)
rCorr   .          Rampage  .   i - +0 pair of gloves
Will    +....                   h - +1 pair of boots
Stlth   ++........              (no amulet)
HPRegen 0.13/turn               d - ring of wizardry
MPRegen 0.11/turn               e - ring of willpower

@: on berserk cooldown, attractive, slowed, very slow
A: AC +5, unfitting armour, cold-blooded
a: no special abilities


You were on level 4 of the Dungeon.
You visited 1 branch of the dungeon, and saw 4 of its levels.

You collected 207 gold pieces.

Inventory:

Missiles
 g - 3 poisoned darts
 r - a curare-tipped dart
Armour
 h - a +1 pair of boots (worn)
 i - a +0 pair of gloves (worn)
Magical Staves
 c - a staff of conjuration
 o - a staff of earth (weapon)
Jewellery
 d - a ring of wizardry (left hand)
 e - a ring of willpower (right hand)
 s - a ring of ice
Scrolls
 f - a scroll of enchant weapon
 j - a scroll of fear
 k - a scroll of magic mapping {unknown}
 m - a scroll of butterflies {unknown}
 n - a scroll of teleportation {unknown}
 q - a scroll of identify


   Skills:
 + Level 0.5 Fighting
 + Level 0.6 Staves
 + Level 2.1 Dodging
 - Level 1.8 Stealth
 + Level 2.6 Spellcasting
 + Level 6.1 Conjurations
 + Level 1.4 Translocations
 + Level 1.0 Earth Magic
 + Level 1.0 Evocations


You had 2 spell levels left.
You knew the following spells:

 Your Spells              Type           Power      Damage    Failure   Level
a - Magic Dart            Conj           100%       1d8       1%          1
b - Searing Ray           Conj           54%        2d6       1%          2
c - Iskenderun's Mystic   Conj/Tloc      17%        2d5       12%         4

Your spell library contained the following spells:

 Spells                   Type           Power      Damage    Failure   Level
 Foxfire                  Conj/Fire      56%        2x1d6     1%          1
 Sting                    Tmut/Pois      8%         1d3       6%          1
 Conjure Flame            Conj/Fire      14%        6-21      5%          3
 Dazzling Flash           Conj/Hex       28%        N/A       5%          3
 Flame Wave               Conj/Fire      14%        2d6       16%         4
 Fulminant Prism          Conj/Hex       7%         3d7       16%         4
 Inner Flame              Hex/Fire       2%         N/A       17%         3
 Blade Hands              Tmut           1%         N/A       82%         5
 Statue Form              Tmut/Erth      4%         N/A       99%         6
 Storm Form               Tmut/Air       1%         N/A       100%        7


Dungeon Overview and Level Annotations

Branches:
Dungeon (4/15)
 Temple: D:4-7

Altars:
Sif Muna

Annotations:
D:4 Pikel


Innate Abilities, Weirdness & Mutations

Your plain brown scales are hard. (AC +5)
You cannot fit into any form of body armour.
You are cold-blooded and may be slowed by cold attacks.


Message History

Casting: Iskenderun's Mystic Blast (quite dangerous; 12% risk of failure)
Confirm with . or Enter, or press ? or * to list all spells.
The spell is quite dangerous to miscast (12% risk of failure)!
Continue anyway?
You erupt in a blast of force!
The mystic blast hits Pikel.
Pikel is severely wounded.
Pikel is knocked back by the mystic blast.
The mystic blast hits the lemure.
The lemure is heavily wounded.
The lemure is knocked back by the mystic blast.
The mystic blast hits the lemure!
You kill the lemure!
That felt strangely unrewarding.
Your magical contamination has completely faded away.
The lemure is attracted toward you.
Casting: Iskenderun's Mystic Blast (quite dangerous; 12% risk of failure)
Confirm with . or Enter, or press ? or * to list all spells.
You don't have enough magic to cast this spell.
Casting: Iskenderun's Mystic Blast (quite dangerous; 12% risk of failure)
Confirm with . or Enter, or press ? or * to list all spells.
Aiming: Magic Dart (safe; 1% risk of failure)
Press: ? - help, Shift-Dir - straight line, f/p - Pikel
Aim: Pikel, wielding a +2 whip of flaming and wearing a +2 robe of willpower (severely wounded, 100% to hit)
The magic dart hits Pikel but does no damage.
Pikel is severely wounded.
Pikel barely misses you. The lemure hits you.
* * * LOW HITPOINT WARNING * * *
Pikel hits you but does no damage.
Casting: Magic Dart (safe; 1% risk of failure)
Confirm with . or Enter, or press ? or * to list all spells.
Aiming: Magic Dart (safe; 1% risk of failure)
Press: ? - help, Shift-Dir - straight line, f/p - Pikel
Aim: Pikel, wielding a +2 whip of flaming and wearing a +2 robe of willpower (severely wounded, 100% to hit)
The magic dart hits Pikel.
Pikel is severely wounded.
The lemure hits you.
* * * LOW HITPOINT WARNING * * *
Pikel hits you with a +2 whip of flaming.
* * * LOW HITPOINT WARNING * * *
Pikel burns you.
You die...

##### #...# ###########@..#
#.........K.5.####
#########...#.....ยง...# ########
........###...........####.......
.#...#..##.....<...............##
..)...._#.....##...#######.###.#
.#...#..#..............# #># #.#
........#.....##...###.# #.# #.##
#########....####.## #.# #.# #...


You could see Pikel and a lemure.

Vanquished Creatures
  2 lemures (D:4)
  A kobold brigand (D:4)
  An orc priest (D:4)
  2 iguanas (D:4)
  An orc wizard (D:4)
  Robin (D:4)
  An adder (D:2)
  2 dart slugs
  7 orcs
  4 giant cockroaches
  9 goblins
  7 hobgoblins
  3 quokkas
  6 ball pythons
  5 bats
  5 frilled lizards
  6 kobolds
  2 rats
65 creatures vanquished.

Vanquished Creatures (others)
  3 plants (D:3)
3 creatures vanquished.

Grand Total: 68 creatures vanquished

Notes
Turn   | Place    | Note
-------+----------+-------------------------------------------
     0 | D:1      | hawla the Draconian Conjurer began the quest for the Orb.
     0 | D:1      | Reached XP level 1. HP: 14/14 MP: 3/3
   290 | D:1      | Reached XP level 2. HP: 20/20 MP: 1/5
   293 | D:1      | Learned a level 2 spell: Searing Ray
  1428 | D:2      | Reached XP level 3. HP: 26/26 MP: 4/6
  1675 | D:2      | Reached skill level 1 in Evocations
  2415 | D:3      | Got the Atlas of Transmogrification
  2500 | D:3      | Reached skill level 5 in Conjurations
  2741 | D:4      | Noticed Robin
  2745 | D:4      | Killed Robin
  2746 | D:4      | Reached XP level 4. HP: 33/33 MP: 1/7
  2892 | D:4      | Learned a level 4 spell: Iskenderun's Mystic Blast
  3320 | D:4      | Noticed a kobold brigand
  3323 | D:4      | Killed a kobold brigand
  3324 | D:4      | Reached skill level 6 in Conjurations
  3324 | D:4      | Reached skill level 1 in Translocations
  3324 | D:4      | Reached XP level 5. HP: 38/38 MP: 3/8
  3479 | D:4      | Reached skill level 1 in Earth Magic
  3726 | D:4      | Noticed a lemure
  3726 | D:4      | Noticed a lemure
  3733 | D:4      | Noticed Pikel
  3734 | D:4      | Noticed a lemure
  3745 | D:4      | Noticed a lemure
  4182 | D:4      | Found a shimmering blue altar of Sif Muna.
  4647 | D:4      | HP: 2/58 [lemure[Pikel] (4)]
  4657 | D:4      | Killed a lemure
  4658 | D:4      | Killed a lemure
  4660 | D:4      | HP: 1/39 [Pikel/+2 whip of flaming (1)]
  4660 | D:4      | Slain by Pikel

Illustrated notes

Levels and vault maps discovered:
D:1:      lightli_arrival_farm, layout_basic, minmay_tree_intersection,
          grunt_decor_fettered
D:2:      layout_basic, minmay_statues_item
D:3:      layout_loops_ring, serial_bayou_pond_e
D:4:      layout_loops_ring, lemuel_coloured_pillars_altar, uniq_robin,
          uniq_pikel

Skill      XL: |  1  2  3  4  5 |
---------------+----------------+-----
Evocations     | 1 |  1.0
Conjurations   | 5 6 |  6.1
Dodging        | 2 |  2.1
Translocations | 1 |  1.4
Earth Magic    | 1 |  1.0
Fighting       | |  0.5
Staves         | |  0.6
Stealth        | |  1.8
Spellcasting   | |  2.6

Action                   |  1- 3 |  4- 6 || total
-------------------------+-------+-------++-------
Melee: Unarmed           |    16 |       ||    16
       Tailslap          |     2 |     4 ||     6
       Staff             |    11 |    46 ||    57
 Cast: Magic Dart        |    36 |    15 ||    51
       Searing Ray       |    16 |    11 ||    27
       Iskenderun's Myst |       |     7 ||     7
  Use: Scroll            |     8 |       ||     8
       Potion            |       |     5 ||     5
Armor: Skin              |     9 |    40 ||    49
Dodge: Dodged            |    22 |    64 ||    86
